[Event "Icelandic Team-ch Kvika Leagu 2023-24"]
[Site "Reykjavik"]
[Date "2024.03.03"]
[Round "10"]
[White "Gretarsson, Hjorvar Steinn"]
[Black "Lomasov, Semyon"]
[Result "1/2-1/2"]
[ECO "D40"]
[WhiteElo "2530"]
[BlackElo "2565"]
[Annotator "ChessBase"]
[PlyCount "23"]
[EventDate "2024.02.29"]
[EventType "team-tourn"]
[EventCountry "ISL"]
[SourceTitle "playchess.com"]
[Source "ChessBase"]
[SourceQuality "1"]
[TimeControl "40/5400+30:900+30"]

1. Nf3 Nf6 2. c4 c5 3. Nc3 Nc6 4. e3 e6 5. d4 d5 6. a3 a6 7. dxc5 Bxc5 8. b4 Bd6 9. Bb2 O-O 10. cxd5 exd5 11. Be2 Bg4 12. O-O 1/2-1/2

[Event "Icelandic Team-ch Kvika Leagu 2023-24"]
[Site "Reykjavik"]
[Date "2024.03.03"]
[Round "10"]
[White "Gretarsson, Helgi Ass"]
[Black "Pakleza, Zbigniew"]
[Result "1/2-1/2"]
[ECO "D15"]
[WhiteElo "2477"]
[BlackElo "2482"]
[Annotator "TA"]
[PlyCount "23"]
[EventDate "2024.02.29"]
[EventType "team-tourn"]
[EventCountry "ISL"]
[SourceTitle "playchess.com"]
[Source "ChessBase"]
[SourceQuality "1"]
[TimeControl "40/5400+30:900+30"]

1. d4 d5 2. c4 c6 3. Nc3 Nf6 4. e3 a6 5. Nf3 b5 6. b3 Bg4 7. a4 bxc4 8. bxc4 e6 9. c5 Nbd7 10. a5 Be7 11. Qa4 Qc7 {[%emt 0:05:37] Inhibits Ne5.} 12. Nd2 {[%emt 0:40:13] Weighted Error Value: White=0.00 (flawless) /Black=0.04 (flawless) .  Mistake:       	White=1     	---        OK:         	White=3     	Black=4} ({Better is} 12. Na2 $14) 1/2-1/2

[Event "Icelandic Team-ch Kvika Leagu 2023-24"]
[Site "Reykjavik"]
[Date "2024.03.03"]
[Round "10"]
[White "Steingrimsson, Hedinn"]
[Black "Olafsson, Thorvardur"]
[Result "1-0"]
[ECO "A16"]
[WhiteElo "2477"]
[BlackElo "2105"]
[Annotator "RC"]
[PlyCount "103"]
[EventDate "2024.02.29"]
[EventType "team-tourn"]
[EventCountry "ISL"]
[SourceTitle "playchess.com"]
[Source "ChessBase"]
[SourceQuality "1"]
[TimeControl "40/5400+30:900+30"]

1. Nf3 Nf6 2. c4 g6 3. Nc3 d5 4. cxd5 Nxd5 5. h4 h6 6. e4 Nb6 7. d4 Bg7 8. Be3 Nc6 9. Qd2 e5 10. Bb5 Bd7 11. Bxc6 Bxc6 12. Nxe5 Bxe5 13. dxe5 Qxd2+ 14. Bxd2 Nc4 15. O-O-O Nxe5 16. Bf4 f6 17. Nd5 Bxd5 18. Rxd5 Nd7 19. h5 g5 20. Bd2 Ke7 21. Rd1 Nb6 22. Ra5 Ke6 23. Bc3 a6 24. Rd3 Rhf8 25. Kc2 Rad8 26. Rf3 Nd7 27. Raf5 Rde8 28. a4 Rd8 29. a5 Rde8 30. Bd4 Rc8 31. Kd2 c5 32. Bc3 Rcd8 33. Ke2 Rc8 34. Rd5 Rc6 35. Rfd3 Rf7 36. f3 Ne5 37. Bxe5 fxe5 38. Rd8 Kf6 39. Rg8 Ke7 40. Rdd8 c4 41. Rde8+ Kd6 42. Rg6+ Kd7 43. Rxe5 Rxg6 44. hxg6 Rg7 45. Rc5 Rxg6 46. Rxc4 h5 47. Rc5 h4 48. Kf2 Kd6 49. b4 Rg7 50. g3 g4 51. gxh4 Rf7 52. Rf5 1-0

[Event "Icelandic Team-ch Kvika Leagu 2023-24"]
[Site "Reykjavik"]
[Date "2024.03.03"]
[Round "10"]
[White "Stefansson, Vignir Vatnar"]
[Black "Pantzar, Milton"]
[Result "0-1"]
[ECO "B12"]
[WhiteElo "2464"]
[BlackElo "2472"]
[Annotator "RC"]
[PlyCount "94"]
[EventDate "2024.02.29"]
[EventType "team-tourn"]
[EventCountry "ISL"]
[SourceTitle "playchess.com"]
[Source "ChessBase"]
[SourceQuality "1"]
[TimeControl "40/5400+30:900+30"]

1. e4 c6 2. d4 d5 3. e5 c5 4. Nf3 cxd4 5. Qxd4 Nc6 6. Qf4 e6 7. Bd3 Nb4 8. Bd2 Nxd3+ 9. cxd3 h5 10. Nc3 Bd7 11. a4 Ne7 12. Ne2 Ng6 13. Qg3 d4 14. Nexd4 Be7 15. h4 O-O 16. Ng5 Qb6 17. Bc3 Qc5 18. f4 Qd5 19. Ne4 Rfd8 20. Ke2 b5 21. axb5 Bxb5 22. Nd2 a6 23. Rad1 Bc5 24. Nxb5 axb5 25. Ne4 b4 26. Bd2 Ra2 27. Rb1 Bd4 28. Bxb4 Bxb2 29. Bd2 Nxf4+ 30. Kf1 Bxe5 31. Bxf4 Bxf4 32. Nf6+ Kh8 33. Nxd5 Bxg3 34. Rh3 Rf2+ 35. Kg1 Rxd5 36. Rxg3 Rf4 37. Rf1 Rxf1+ 38. Kxf1 g6 39. Re3 Kg7 40. g3 Kf6 41. Kg2 e5 42. Rf3+ Ke6 43. Kf2 Rd4 44. Ke2 Rg4 45. Re3 Kd5 46. Rf3 f5 47. Ke3 Rxg3 0-1

[Event "Icelandic Team-ch Kvika Leagu 2023-24"]
[Site "Reykjavik"]
[Date "2024.03.03"]
[Round "10"]
[White "Hjartarson, Johann"]
[Black "Domalchuk-Jonasson, Aleksandr"]
[Result "1/2-1/2"]
[ECO "C42"]
[WhiteElo "2460"]
[BlackElo "2355"]
[Annotator "RC"]
[PlyCount "39"]
[EventDate "2024.02.29"]
[EventType "team-tourn"]
[EventCountry "ISL"]
[SourceTitle "playchess.com"]
[Source "ChessBase"]
[SourceQuality "1"]
[TimeControl "40/5400+30:900+30"]

1. e4 e5 2. Nf3 Nf6 3. Nxe5 d6 4. Nd3 Nxe4 5. Qe2 Qe7 6. Nf4 Nc6 7. c3 Nf6 8. d4 g5 9. Nd3 Rg8 10. Na3 Bf5 11. f3 O-O-O 12. Qxe7 Nxe7 13. g4 Bd7 14. Bg2 h5 15. h3 hxg4 16. hxg4 Ne8 17. Bd2 f5 18. gxf5 Bxf5 19. Nf2 Nf6 20. O-O-O 1/2-1/2

[Event "Icelandic Team-ch Kvika Leagu 2023-24"]
[Site "Reykjavik"]
[Date "2024.03.03"]
[Round "10"]
[White "Sulypa, Oleksandr"]
[Black "Thorfinnsson, Bragi"]
[Result "1/2-1/2"]
[ECO "E11"]
[WhiteElo "2457"]
[BlackElo "2397"]
[Annotator "RC"]
[PlyCount "31"]
[EventDate "2024.02.29"]
[EventType "team-tourn"]
[EventCountry "ISL"]
[SourceTitle "playchess.com"]
[Source "ChessBase"]
[SourceQuality "1"]
[TimeControl "40/5400+30:900+30"]

1. d4 Nf6 2. c4 e6 3. Nf3 Bb4+ 4. Bd2 c5 5. Bxb4 cxb4 6. g3 O-O 7. Bg2 d5 8. Nbd2 Nc6 9. O-O Re8 10. Qc2 Qb6 11. e3 a5 12. Rac1 h6 13. c5 Qd8 14. Rfd1 Bd7 15. h3 Rc8 16. Qd3 1/2-1/2

[Event "Icelandic Team-ch Kvika Leagu 2023-24"]
[Site "Reykjavik"]
[Date "2024.03.03"]
[Round "10"]
[White "Heimisson, Hilmir Freyr"]
[Black "Kazakouski, Valery"]
[Result "0-1"]
[ECO "B89"]
[WhiteElo "2355"]
[BlackElo "2608"]
[Annotator "RC"]
[PlyCount "138"]
[EventDate "2024.02.29"]
[EventType "team-tourn"]
[EventCountry "ISL"]
[SourceTitle "playchess.com"]
[Source "ChessBase"]
[SourceQuality "1"]
[TimeControl "40/5400+30:900+30"]

1. e4 c5 2. Nf3 d6 3. d4 cxd4 4. Nxd4 Nf6 5. Nc3 Nc6 6. Bc4 e6 7. Be3 a6 8. Qe2 Be7 9. Bb3 Na5 10. O-O-O Qc7 11. g4 Nxb3+ 12. axb3 g6 13. g5 Nh5 14. Kb1 b5 15. f4 b4 16. Na4 Bb7 17. Qd3 O-O 18. Rhe1 e5 19. Ne2 f5 20. fxe5 fxe4 21. Qc4+ Qxc4 22. bxc4 dxe5 23. Rd7 Bc6 24. Rxe7 Bxa4 25. Rxe5 b3 26. cxb3 Bxb3 27. Rxe4 Rae8 28. Rxe8 Rxe8 29. Ng3 Nf4 30. Bd2 Rxe1+ 31. Bxe1 Bxc4 32. Kc2 Bb5 33. Kc3 Kf7 34. Bd2 Nd3 35. Ne4 Ke6 36. Be3 Ne5 37. Nf6 Kf5 38. Nxh7 Nf3 39. h3 Bf1 40. Kb4 Bxh3 41. Ka5 Bf1 42. Kb6 Ne5 43. Kc7 Nc4 44. Bc1 Ne5 45. Be3 Bc4 46. Kd8 Bg8 47. Nf6 Bb3 48. Nh7 a5 49. Ke7 a4 50. Nf8 Nd3 51. Bd4 Kxg5 52. Nd7 Kf5 53. Nc5 Nf4 54. Kd6 g5 55. Kc6 g4 56. Bf2 Ne2 57. Kb5 Kf4 58. Nxa4 Kf3 59. Bh4 Nd4+ 60. Kb4 Nf5 61. Bd8 Bxa4 62. Kxa4 g3 63. Bc7 g2 64. Bh2 Kf2 65. b4 Nd4 66. b5 Nf3 67. Bd6 Ke3 68. b6 g1=Q 69. Bc5+ Nd4 0-1

[Event "Icelandic Team-ch Kvika Leagu 2023-24"]
[Site "Reykjavik"]
[Date "2024.03.03"]
[Round "10"]
[White "Thorfinnsson, Bjorn"]
[Black "Petursson, Margeir"]
[Result "1/2-1/2"]
[ECO "D03"]
[WhiteElo "2353"]
[BlackElo "2408"]
[Annotator "ChessBase"]
[PlyCount "60"]
[EventDate "2024.02.29"]
[EventType "team-tourn"]
[EventCountry "ISL"]
[SourceTitle "playchess.com"]
[Source "ChessBase"]
[SourceQuality "1"]
[TimeControl "40/5400+30:900+30"]

1. d4 Nf6 2. Nf3 e6 3. Bg5 c5 4. e3 d5 5. c3 Bd6 6. Nbd2 Nbd7 7. Bd3 Qc7 8. e4 cxd4 9. Nxd4 a6 10. exd5 Nxd5 11. Nc4 Bf4 12. Bxf4 Nxf4 13. O-O O-O 14. Ne3 Nc5 15. Bc2 e5 16. Nb3 Be6 17. Nxc5 Qxc5 18. Qf3 b5 19. Rfd1 Rad8 20. Rxd8 Rxd8 21. Rd1 Rxd1+ 22. Qxd1 g6 23. Bb3 Bxb3 24. axb3 Qc6 25. g3 Nh3+ 26. Kf1 Qh1+ 27. Ke2 Ng1+ 28. Kf1 Nf3+ 29. Ke2 Ng1+ 30. Kf1 Nf3+ 1/2-1/2

[Event "Icelandic Team-ch Kvika Leagu 2023-24"]
[Site "Reykjavik"]
[Date "2024.03.03"]
[Round "10"]
[White "Bjornsson, Sigurbjorn"]
[Black "Sverrisson, Nokkvi"]
[Result "1-0"]
[ECO "B47"]
[WhiteElo "2305"]
[BlackElo "2052"]
[Annotator "RC"]
[PlyCount "69"]
[EventDate "2024.02.29"]
[EventType "team-tourn"]
[EventCountry "ISL"]
[SourceTitle "playchess.com"]
[Source "ChessBase"]
[SourceQuality "1"]
[TimeControl "40/5400+30:900+30"]

1. e4 c5 2. Nf3 e6 3. d4 cxd4 4. Nxd4 Nc6 5. Nc3 Qc7 6. g3 a6 7. Bg2 Nf6 8. O-O Nxd4 9. Qxd4 Bc5 10. Bf4 d6 11. Qd2 O-O 12. Rad1 e5 13. Bg5 Be6 14. Bxf6 gxf6 15. Qh6 Bd4 16. Rxd4 exd4 17. Ne2 Qc5 18. h4 Bg4 19. Nf4 Rfe8 20. Nd5 Re6 21. b4 Qxc2 22. f3 f5 23. Nf6+ Rxf6 24. Qxf6 Bh5 25. Qg5+ Bg6 26. h5 h6 27. Qxh6 Bh7 28. Qf6 Re8 29. h6 Kf8 30. Qxd6+ Re7 31. Qd8+ Re8 32. Qxd4 Bg6 33. Qg7+ Ke7 34. h7 Qc8 35. Qe5+ 1-0

[Event "Icelandic Team-ch Kvika Leagu 2023-24"]
[Site "Reykjavik"]
[Date "2024.03.03"]
[Round "10"]
[White "O`Donnell, Conor"]
[Black "Johannesson, Ingvar Thor"]
[Result "0-1"]
[ECO "D38"]
[WhiteElo "2284"]
[BlackElo "2313"]
[Annotator "RC"]
[PlyCount "102"]
[EventDate "2024.02.29"]
[EventType "team-tourn"]
[EventCountry "ISL"]
[SourceTitle "playchess.com"]
[Source "ChessBase"]
[SourceQuality "1"]
[TimeControl "40/5400+30:900+30"]

1. d4 Nf6 2. c4 e6 3. Nf3 d5 4. Nc3 Nbd7 5. Bg5 Bb4 6. e3 c5 7. cxd5 exd5 8. Bd3 Qa5 9. O-O c4 10. Bf5 Bxc3 11. bxc3 Ne4 12. Qc2 Ndf6 13. Bxc8 Rxc8 14. Bxf6 Nxf6 15. Nd2 O-O 16. f3 Rfe8 17. e4 Nh5 18. e5 Nf4 19. Kh1 f6 20. exf6 Nd3 21. Nb3 Qb6 22. Nc1 Qb2 23. Qxb2 Nxb2 24. Rb1 Na4 25. Rxb7 gxf6 26. Kg1 Nxc3 27. Rxa7 Rb8 28. Ra3 Ne2+ 29. Nxe2 Rxe2 30. f4 Rbb2 31. Rg3+ Kf7 32. Ra1 Rxa2 33. Rb1 Ke6 34. Rg7 h5 35. h3 h4 36. f5+ Kxf5 37. Rg4 Ke6 38. Rb6+ Kf5 39. Rb5 Re1+ 40. Kh2 c3 41. Rxd5+ Ke6 42. Rc5 c2 43. d5+ Ke5 44. Rgc4 Raa1 45. d6+ Kxd6 46. Rc6+ Kd7 47. Rc7+ Ke6 48. R7c6+ Kf7 49. Rc7+ Kg6 50. Rg4+ Kf5 51. Rc5+ Ke6 0-1

[Event "Icelandic Team-ch Kvika Leagu 2023-24"]
[Site "Reykjavik"]
[Date "2024.03.03"]
[Round "10"]
[White "Hansen, Soren Bech"]
[Black "Arngrimsson, Dagur"]
[Result "1-0"]
[ECO "C55"]
[WhiteElo "2213"]
[BlackElo "2366"]
[Annotator "RC"]
[PlyCount "83"]
[EventDate "2024.02.29"]
[EventType "team-tourn"]
[EventCountry "ISL"]
[SourceTitle "playchess.com"]
[Source "ChessBase"]
[SourceQuality "1"]
[TimeControl "40/5400+30:900+30"]

1. e4 e5 2. Nf3 Nc6 3. Bc4 Nf6 4. d3 Be7 5. O-O O-O 6. Re1 d6 7. a4 Na5 8. Ba2 c5 9. Nc3 Nc6 10. Bg5 Be6 11. Bxf6 Bxf6 12. Nd5 g6 13. c3 Bg7 14. Qc1 Kh8 15. Qg5 f6 16. Qe3 f5 17. Qg5 Qd7 18. Qh4 h6 19. Ne3 Bxa2 20. Rxa2 Qf7 21. Nd5 Kg8 22. Nd2 h5 23. f3 Bh6 24. Nc4 Rad8 25. b3 Kh7 26. Qh3 f4 27. Rf1 Bg5 28. g4 fxg3 29. hxg3 Kg7 30. Rg2 Qd7 31. Qxd7+ Rxd7 32. f4 exf4 33. gxf4 Bd8 34. Rf3 h4 35. f5 g5 36. Nf4 Kh6 37. Ng6 Rf6 38. Ne3 Rxg6 39. Ng4+ Kg7 40. fxg6 Kxg6 41. Rf5 Ne5 42. Rxe5 1-0

[Event "Icelandic Team-ch Kvika Leagu 2023-24"]
[Site "Reykjavik"]
[Date "2024.03.03"]
[Round "10"]
[White "Thorsteinsson, Thorsteinn"]
[Black "Kulaots, Kaido"]
[Result "1/2-1/2"]
[ECO "A46"]
[WhiteElo "2193"]
[BlackElo "2534"]
[Annotator "RC"]
[PlyCount "96"]
[EventDate "2024.02.29"]
[EventType "team-tourn"]
[EventCountry "ISL"]
[SourceTitle "playchess.com"]
[Source "ChessBase"]
[SourceQuality "1"]
[TimeControl "40/5400+30:900+30"]

1. d4 Nf6 2. Nf3 e6 3. g3 d5 4. Bg2 b5 5. O-O Bb7 6. Nbd2 Be7 7. Ne5 O-O 8. c3 c5 9. a4 a6 10. axb5 axb5 11. Rxa8 Bxa8 12. dxc5 Bxc5 13. Nd3 Be7 14. Qb3 Qa5 15. Nf3 Nc6 16. Bf4 Bb7 17. Rc1 Rc8 18. Qd1 Qa4 19. b3 Qa5 20. Ra1 Qd8 21. Nd4 Nxd4 22. cxd4 Qb6 23. Rc1 b4 24. Rxc8+ Bxc8 25. Qc2 Ba6 26. e3 h6 27. Bf1 Ne4 28. Ne5 Bxf1 29. Kxf1 Nc3 30. g4 Qa6+ 31. Kg2 Qa1 32. Nc6 Bf8 33. g5 hxg5 34. Bxg5 Qa6 35. Ne5 Qb5 36. Bf4 Be7 37. Nf3 Qa6 38. Bg5 Bf8 39. Bf4 Be7 40. Bg5 Bd6 41. Bh4 Qa7 42. Bg3 Be7 43. h4 Qd7 44. Ne5 Qe8 45. Qd3 Qc8 46. Qc2 Qe8 47. Qd3 Qc8 48. Qc2 Qe8 1/2-1/2

[Event "Icelandic Team-ch Kvika Leagu 2023-24"]
[Site "Reykjavik"]
[Date "2024.03.03"]
[Round "10"]
[White "Petersson, Baldur Teodor"]
[Black "Van den Berg, Bram"]
[Result "1/2-1/2"]
[ECO "B01"]
[WhiteElo "2190"]
[BlackElo "2173"]
[Annotator "RC"]
[PlyCount "87"]
[EventDate "2024.02.29"]
[EventType "team-tourn"]
[EventCountry "ISL"]
[SourceTitle "playchess.com"]
[Source "ChessBase"]
[SourceQuality "1"]
[TimeControl "40/5400+30:900+30"]

1. e4 d5 2. exd5 Nf6 3. d4 Bg4 4. Bb5+ c6 5. dxc6 Nxc6 6. Nf3 Qb6 7. Nc3 O-O-O 8. Bxc6 Qxc6 9. h3 Bxf3 10. Qxf3 Qxf3 11. gxf3 Rxd4 12. Be3 Rd7 13. Bxa7 e6 14. Na4 Bb4+ 15. c3 Ba5 16. Bb6 Rd5 17. b4 Re5+ 18. Be3 Bc7 19. c4 Rd8 20. O-O Rf5 21. Kg2 Nd7 22. b5 Ne5 23. b6 Bb8 24. Rfd1 Rxd1 25. Rxd1 Nxf3 26. Nc3 Ne5 27. Ne4 Nd7 28. c5 h6 29. a4 Re5 30. Nc3 g5 31. Nb5 Rd5 32. Rc1 Ne5 33. a5 Nc6 34. Ra1 f5 35. f3 Rd3 36. Bf2 Rd2 37. a6 bxa6 38. Rxa6 Kb7 39. Ra3 Rb2 40. Nc3 Be5 41. Kf1 Rd2 42. Ne2 Rd1+ 43. Kg2 Rd2 44. Kf1 1/2-1/2

[Event "Icelandic Team-ch Kvika Leagu 2023-24"]
[Site "Reykjavik"]
[Date "2024.03.03"]
[Round "10"]
[White "Mai, Alexander Oliver"]
[Black "Thorarinsson, Pall A."]
[Result "1/2-1/2"]
[ECO "B07"]
[WhiteElo "2160"]
[BlackElo "2159"]
[Annotator "RC"]
[PlyCount "124"]
[EventDate "2024.02.29"]
[EventType "team-tourn"]
[EventCountry "ISL"]
[SourceTitle "playchess.com"]
[Source "ChessBase"]
[SourceQuality "1"]
[TimeControl "40/5400+30:900+30"]

1. e4 d6 2. d4 Nf6 3. Nc3 g6 4. g3 Bg7 5. Bg2 O-O 6. Nge2 c6 7. a4 e5 8. h3 Na6 9. Be3 Re8 10. O-O Nb4 11. Qd2 b6 12. Rad1 Bb7 13. f4 exd4 14. Nxd4 c5 15. Ndb5 Nxe4 16. Nxe4 Bxe4 17. Nxd6 Bxg2 18. Kxg2 Re7 19. c3 Nc6 20. Qd5 Na5 21. b4 Nb7 22. Nxb7 Qxd5+ 23. Rxd5 Rxe3 24. bxc5 Rxc3 25. Rfd1 bxc5 26. Nxc5 Rc2+ 27. Kf3 Rc3+ 28. R1d3 Rxd3+ 29. Nxd3 a5 30. Ne5 Bxe5 31. Rxe5 h5 32. g4 hxg4+ 33. hxg4 Kf8 34. Ke4 Ra6 35. Kd4 Rf6 36. f5 gxf5 37. gxf5 Ra6 38. Kc4 Kg7 39. Kb5 Ra8 40. Kb6 Kf6 41. Rxa5 Rb8+ 42. Kc7 Rb4 43. Kc6 Kg5 44. Kc5 Rf4 45. Kd6 f6 46. Ke6 Re4+ 47. Kf7 Rb4 48. Ra6 Kxf5 49. Ra5+ Ke4 50. Kxf6 Kd4 51. Ra8 Kc5 52. Ke6 Kb6 53. Kd6 Rd4+ 54. Ke5 Rd7 55. a5+ Kb7 56. Rh8 Ka6 57. Rh5 Rd1 58. Ke4 Ra1 59. Rh8 Ra4+ 60. Kd3 Rxa5 61. Ra8+ Kb5 62. Rxa5+ Kxa5 1/2-1/2

[Event "Icelandic Team-ch Kvika Leagu 2023-24"]
[Site "Reykjavik"]
[Date "2024.03.03"]
[Round "10"]
[White "Prudnikov, Andrey"]
[Black "Kristinsson, Baldur"]
[Result "1-0"]
[ECO "B95"]
[WhiteElo "2094"]
[BlackElo "2169"]
[Annotator "RC"]
[PlyCount "81"]
[EventDate "2024.02.29"]
[EventType "team-tourn"]
[EventCountry "ISL"]
[SourceTitle "playchess.com"]
[Source "ChessBase"]
[SourceQuality "1"]
[TimeControl "40/5400+30:900+30"]

1. e4 c5 2. Nf3 e6 3. d4 cxd4 4. Nxd4 a6 5. Nc3 Qc7 6. Qf3 Nf6 7. Bg5 Be7 8. O-O-O d6 9. Qg3 Nbd7 10. Kb1 O-O 11. h4 Kh8 12. h5 b5 13. h6 g6 14. a3 Bb7 15. Qh4 Bd8 16. Bd3 Ne8 17. Bxd8 Qxd8 18. Qg3 Qf6 19. Nde2 Rc8 20. f4 Nc5 21. Rdf1 Qe7 22. Qe3 f5 23. Rhg1 Qf6 24. g4 fxe4 25. Nxe4 Nxe4 26. Bxe4 Bxe4 27. Qxe4 d5 28. Qd3 Nd6 29. Nd4 Rc4 30. c3 Ne4 31. Nf3 Qxf4 32. Ne5 Nf2 33. Qc2 Qxe5 34. Rxf2 Rcf4 35. Re2 Re4 36. Rge1 Rff4 37. Ka2 Rxg4 38. Rxe4 Rxe4 39. Qf2 Qf5 40. Qa7 Qf8 41. Rf1 1-0

[Event "Icelandic Team-ch Kvika Leagu 2023-24"]
[Site "Reykjavik"]
[Date "2024.03.03"]
[Round "10"]
[White "Ingvason, Johann"]
[Black "Ragnarsson, Dagur"]
[Result "1-0"]
[ECO "E68"]
[WhiteElo "2092"]
[BlackElo "2337"]
[Annotator "RC"]
[PlyCount "193"]
[EventDate "2024.02.29"]
[EventType "team-tourn"]
[EventCountry "ISL"]
[SourceTitle "playchess.com"]
[Source "ChessBase"]
[SourceQuality "1"]
[TimeControl "40/5400+30:900+30"]

1. d4 Nf6 2. c4 g6 3. g3 Bg7 4. Bg2 O-O 5. Nc3 d6 6. Nf3 Nbd7 7. O-O e5 8. e4 exd4 9. Nxd4 a5 10. h3 Re8 11. Re1 Nc5 12. Ndb5 Be6 13. e5 dxe5 14. Qxd8 Raxd8 15. Nxc7 Re7 16. Nxe6 Rxe6 17. Bg5 h6 18. Bxf6 Bxf6 19. Bd5 Rb6 20. Re2 Kf8 21. Kg2 Bg7 22. Ne4 Nd3 23. Rb1 f5 24. Nc3 e4 25. Na4 Rb4 26. b3 b5 27. a3 bxa4 28. axb4 axb3 29. bxa5 b2 30. a6 Bd4 31. Rd2 Rd6 32. Bb7 Ke7 33. f3 exf3+ 34. Bxf3 Bc5 35. Bd5 Ne5 36. Rdxb2 Rxa6 37. Re2 Kf6 38. Rb5 Nd7 39. Bb7 Rb6 40. Bc8 Rxb5 41. cxb5 Ne5 42. Rc2 Bb6 43. Rd2 Nc4 44. Rd7 g5 45. Rh7 Kg6 46. Re7 f4 47. Re6+ Kg7 48. gxf4 gxf4 49. Bb7 Be3 50. Kf3 Nd2+ 51. Kg4 Nb3 52. Bd5 Nd4 53. Re7+ Kf6 54. Rf7+ Kg6 55. h4 h5+ 56. Kh3 Nxb5 57. Rd7 Nd4 58. Bf7+ Kf5 59. Bxh5 f3 60. Rf7+ Ke6 61. Rf8 f2 62. Kg2 Nc6 63. Bf3 Ne5 64. Be2 Bc5 65. Rf4 Be3 66. Re4 Bc5 67. h5 Kf5 68. Ra4 Be3 69. Ra6 Nf7 70. Kf3 Bd4 71. h6 Bf6 72. h7 Kg6 73. Bd3+ Kg7 74. Kxf2 Bd4+ 75. Kg2 Ne5 76. Be4 Nf7 77. Kg3 Nh8 78. Ra8 Kf7 79. Kg4 Ke7 80. Rb8 Ba1 81. Kf5 Bc3 82. Rb7+ Kd6 83. Rb3 Ba1 84. Rd3+ Ke7 85. Bc6 Nf7 86. Ra3 Bd4 87. Ra4 Bc3 88. Ra7+ Kf8 89. Bd5 Nh8 90. Ke6 Bd4 91. Rb7 Ba1 92. Be4 Bc3 93. Bf3 Ba1 94. Bh5 Bd4 95. Rb4 Bc3 96. Rg4 Bg7 97. Rg2 1-0

[Event "Icelandic Team-ch Kvika Leagu 2023-24"]
[Site "Reykjavik"]
[Date "2024.03.03"]
[Round "10"]
[White "Fridbertsson, Aegir"]
[Black "Bjornsson, Tomas"]
[Result "0-1"]
[ECO "A75"]
[WhiteElo "2075"]
[BlackElo "2165"]
[Annotator "RC"]
[PlyCount "86"]
[EventDate "2024.02.29"]
[EventType "team-tourn"]
[EventCountry "ISL"]
[SourceTitle "playchess.com"]
[Source "ChessBase"]
[SourceQuality "1"]
[TimeControl "40/5400+30:900+30"]

1. d4 Nf6 2. c4 c5 3. d5 e6 4. Nc3 exd5 5. cxd5 d6 6. e4 g6 7. Nf3 Bg7 8. Be2 O-O 9. O-O a6 10. a4 Bg4 11. Nd2 Bxe2 12. Qxe2 Nbd7 13. Nc4 Nb6 14. f3 Nxc4 15. Qxc4 Nd7 16. Bf4 Ne5 17. Qe2 Rc8 18. Kh1 c4 19. Qd2 Nd3 20. Bh6 Bxh6 21. Qxh6 Qf6 22. Qd2 Rb8 23. b3 Nc5 24. Qe3 Nxb3 25. Rad1 b5 26. axb5 axb5 27. f4 Qe7 28. e5 f5 29. Ne2 b4 30. Rb1 Rfe8 31. Nd4 Nxd4 32. Qxd4 dxe5 33. Qxc4 Qd6 34. fxe5 Rxe5 35. Rfd1 Re4 36. Qc2 Rbe8 37. h3 Kf7 38. Qb3 f4 39. Rdc1 R8e5 40. Rd1 Rg5 41. Qd3 Re3 42. Qc4 f3 43. Qh4 Rxg2 0-1

[Event "Icelandic Team-ch Kvika Leagu 2023-24"]
[Site "Reykjavik"]
[Date "2024.03.03"]
[Round "10"]
[White "Ptacnikova, Lenka"]
[Black "Einarsson, Arnthor"]
[Result "1-0"]
[ECO "A83"]
[WhiteElo "2067"]
[BlackElo "2179"]
[Annotator "RC"]
[PlyCount "39"]
[EventDate "2024.02.29"]
[EventType "team-tourn"]
[EventCountry "ISL"]
[SourceTitle "playchess.com"]
[Source "ChessBase"]
[SourceQuality "1"]
[TimeControl "40/5400+30:900+30"]

1. d4 f5 2. Nc3 Nf6 3. Bg5 e6 4. e4 fxe4 5. Nxe4 Be7 6. Nxf6+ Bxf6 7. Be3 c5 8. Qh5+ g6 9. Qxc5 b6 10. Qd6 Nc6 11. c3 Ne7 12. Bd3 Bb7 13. Nf3 O-O 14. Bb5 a6 15. Bxd7 Rf7 16. Qxe6 Nf5 17. Bc6 Ng7 18. Qe4 Re7 19. Ne5 Bxc6 20. Qxc6 1-0